 Dungeon Crawl Stone Soup version 0.29.1-2-gbd0b4ee654 (webtiles) character file.

Game seed: 16559755809414150693

9217 istabcows the Reanimator (level 11, -3/75 HPs)
             Began as a Demonspawn Necromancer on Nov 28, 2022.
             Was an Elder of Dithmenos.
             Shot with an arrow by a centaur warrior (13 damage)
             ... on level 9 of the Dungeon on Nov 29, 2022.
             The game lasted 02:38:07 (10542 turns).

istabcows the Reanimator (Demonspawn Necromancer)  Turns: 10542, Time: 02:38:08

Health: -3/75      AC: 10    Str: 12    XL:     11   Next: 20%
Magic:  1/25       EV: 12    Int: 25    God:    Dithmenos [****..]
Gold:   561        SH:  0    Dex: 11    Spells: 10/31 levels left

rFire   + . .      SeeInvis .   h - staff of death
rCold   . . .      Faith    .   (no shield)
rNeg    + . .      Spirit   .   u - +2 leather armour of the Thistle {rF+ Str+3}
rPois   .          Reflect  .   j - +0 helmet
rElec   .          Harm     .   k - +2 cloak
rCorr   .          Rampage  .   (no gloves)
Will    .....                   (no boots)
Stlth   ++........              (no amulet)
HPRegen 0.22/turn               (no ring)
MPRegen 0.19/turn               (no ring)

@: wreathed by umbra
A: claws 2, foul stench 1, spiny 3, big brain 2, clumsy 1, robust 1
a: Renounce Religion, Shadow Step


You were on level 9 of the Dungeon.
You worshipped Dithmenos.
Dithmenos was greatly pleased with you.
You visited 2 branches of the dungeon, and saw 10 of its levels.

You collected 561 gold pieces.

Inventory:

Hand Weapons
 m - a +2 dagger of speed
Armour
 a - a +0 robe
 f - a +0 chain mail
 g - a +0 ring mail
 j - a +0 helmet (worn)
 k - a +2 cloak (worn)
 u - the +2 leather armour of the Thistle (worn) {rF+ Str+3}
   (You found it on level 8 of the Dungeon)

   Str:       It affects your strength (+3).
   rF:        It protects you from fire.
Magical Staves
 e - a staff of cold
 h - a staff of death (weapon)
Wands
 p - a wand of roots (12)
 t - a wand of acid (16)
Scrolls
 d - a scroll of fog
 o - 3 scrolls of teleportation
Potions
 b - a potion of lignification {unknown}
 c - a potion of brilliance {unknown}
 l - 4 potions of curing
 n - a potion of ambrosia {unknown}
 r - a potion of berserk rage
 s - a potion of haste {unknown}
 v - a potion of might {unknown}


   Skills:
 + Level 0.3 Fighting
 + Level 0.8 Staves
 * Level 6.5 Armour
 + Level 3.1 Dodging
 + Level 2.1 Stealth
 + Level 10.8 Spellcasting
 + Level 12.3 Necromancy
 + Level 0.3 Invocations


You had 10 spell levels left.
You knew the following spells:

 Your Spells              Type           Power      Damage    Failure   Level
a - Necrotise             Necr           100%       1d9       1%          1
b - Passwall              Tmut/Erth      10%        N/A       9%          2
c - Vampiric Draining     Necr           85%        2d12      1%          3
d - Agony                 Necr           85%        N/A       1%          5
e - Dispel Undead         Necr           85%        3d27      1%          4
f - Sublimation of Blood  Necr           85%        N/A       1%          2
g - Animate Dead          Necr           85%        N/A       1%          4

Your spell library contained the following spells:

 Spells                   Type           Power      Damage    Failure   Level
 Ensorcelled Hibernation  Hex/Ice        26%        N/A       9%          2
 Static Discharge         Conj/Air       13%        3-5/arc   9%          2
 Confusing Touch          Hex            13%        N/A       17%         3
 Swiftness                Air            13%        N/A       17%         3
 Petrify                  Tmut/Erth      13%        N/A       50%         4
 Sticky Flame             Conj/Fire      13%        2d4       50%         4
 Irradiate                Conj/Tmut      6%         3d13      83%         5
 Summon Forest            Summ/Tloc      6%         N/A       83%         5
 Summon Mana Viper        Hex/Summ       13%        N/A       83%         5
 Yara's Violent Unravell  Hex/Tmut       6%         3d5       83%         5
 Summon Cactus Giant      Summ           6%         N/A       100%        6
 Enfeeble                 Hex            6%         N/A       100%        7


Dungeon Overview and Level Annotations

Branches:
Dungeon (9/15)             Temple (1/1) D:5
   Lair: D:8-11         Orc: D:9-12

Altars:
Cheibriados
Dithmenos
Fedhas
Gozag
Hepliaklqana
Kikubaaqudgha
Makhleb
Nemelex Xobeh
Okawaru
Qazlal
Ru
Sif Muna
Trog
Uskayaw
Vehumet
Wu Jian
Xom

Shops:
D:6 [*!*   D:8 (


Innate Abilities, Weirdness & Mutations

You have very sharp fingernails.
You may rarely emit foul miasma when damaged in melee.
You are completely covered in sharp spines.
You have an extremely huge brain. (Int +4)
You are clumsy. (Dex -2)
You are robust. (+10% HP)


Message History

The killer bee is struck by your spines.
The killer bee stings you!
The centaur warrior is struck by your spines.
The centaur warrior hits you!
The centaur warrior kicks you but does no damage.
A troll comes into view.
The killer bee closely misses you.
Blink to where?
Press: ? - help, Dir - move target, p - centaur warrior
As you read the scroll of blinking, it crumbles to dust.
The centaur warrior wields a +0 longbow.
The centaur warrior shoots an arrow.
The arrow hits you!
* * * LOW HITPOINT WARNING * * *
Okay, then.
An efreet comes into view.
It is wielding a +0 scimitar of flaming.
Casting: Vampiric Draining (safe; 1% risk of failure)
Confirm with . or Enter, or press ? or * to list all spells.
Aiming: Vampiric Draining (safe; 1% risk of failure)
Press: ? - help, Shift-Dir - straight line, f - killer bee
Aim: a killer bee (heavily wounded, umbra)
You feel a surge of power!
You draw life force from the killer bee.
You feel life coursing into your body. The killer bee barely misses you.
The killer bee stings you!
* * * LOW HITPOINT WARNING * * *
You emit a cloud of foul miasma!
You closely miss the killer bee.
The killer bee is heavily wounded.
The killer bee is engulfed in dark miasma.
The killer bee is poisoned.
The killer bee closely misses you.
The killer bee is engulfed in dark miasma.
The killer bee looks even sicker.
The killer bee is struck by your spines.
The killer bee misses you.
You barely miss the killer bee.
The killer bee is severely wounded.
You kill the killer bee!
Dithmenos accepts your kill.
The centaur warrior shoots an arrow.
The arrow hits you!
You die...

# ##○.# ##.........###.
#.###.##R.# .##.#.#.#.#.#..#
.....c).c## #...........)..#
#.###.##c†###..##.#.#.#÷#.##.. #
###..#..# #.........# #..#...#
#.#.#)#)#.# #).##.## #....))...#
#####c#########.########
...#.○@..#.............
#.#####.#......)....#.
...#...#............. ..#
###.#.###...>......... #..
#..)..#...............
#.###.#.###.#...........#.
#.#|..#...#.#...........#.
#.#)#####.# #...........##
########.#.))..#...#...........##


You could see a centaur warrior.

Vanquished Creatures
  A boulder beetle (D:9)
  The ghost of whiskeysaurus the Grappler, a novice TrFi (D:8)
  The ghost of SaviorBlesser the Fighter, a novice FoFi of Okawaru (D:8)
  A wizard (D:9)
  The ghost of Mig the Reanimator, a novice TeNe of Yredelemnul (D:8)
  A hornet (D:9)
  A wraith (D:9)
  A wyvern (D:9)
  3 yaks
  5 steam dragons
  4 water moccasins
  A sky beast (D:7)
  An ice beast (D:6)
  2 orc warriors
  The ghost of MrSixtyFour the Poker, an amateur GnCA of Ignis (D:4)
  A black bear (D:4)
  2 centaurs
  3 ogres
  A phantom (D:7)
  5 kobold brigands
  6 bullfrogs
  2 necrophages (D:7)
  A scorpion (D:7)
  A hornet simulacrum (D:8)
  9 wights
  11 killer bees
  3 howler monkeys (D:8)
  3 electric eels
  An orc priest (D:8)
  A jelly (D:5)
  3 hounds
  2 gnoll boudas (D:6)
  3 iguanas
  Terence (D:2)
  8 orc wizards
  A centaur simulacrum (D:8)
  A mummy (D:8)
  18 gnolls
  8 adders
  5 white imps (D:8)
  An ufetubus (D:5)
  A worm (D:3)
  A dart slug (D:2)
  14 orcs
  6 bats
  5 endoplasms
  2 giant cockroaches
  6 goblins
  3 hobgoblins
  19 kobolds
  3 quokkas
  8 ball pythons
  3 frilled lizards (D:1)
  7 rats
  A spectral hobgoblin (D:7)
  A butterfly (D:5)
206 creatures vanquished.

Vanquished Creatures (collateral kills)
  2 yaks (D:9)
  A wyvern (D:9)
  A steam dragon (D:9)
  An orc wizard (D:9)
  A gnoll (D:6)
  A steam dragon zombie (D:9)
  2 orcs (D:6)
  An endoplasm (D:1)
  A giant cockroach (D:1)
  A hobgoblin (D:2)
  2 kobolds (D:9)
  A butterfly (D:5)
15 creatures vanquished.

Vanquished Creatures (others)
  A hornet zombie (D:9)
  A wyvern zombie (D:9)
  A bullfrog zombie (D:9)
  4 kobold zombies (D:9)
  An orc (D:5)
  A fungus (D:8)
  38 plants
47 creatures vanquished.

Grand Total: 268 creatures vanquished

Notes
Turn   | Place    | Note
-------+----------+-------------------------------------------
     0 | D:1      | istabcows the Demonspawn Necromancer began the quest for
                  | the Orb.
     0 | D:1      | Reached XP level 1. HP: 13/13 MP: 3/3
   100 | D:1      | Gained mutation: You have an unusually large brain. (Int
                  | +2) [demonic ancestry]
   100 | D:1      | Reached XP level 2. HP: 18/19 MP: 0/5
   309 | D:1      | Reached skill level 5 in Necromancy
   483 | D:1      | Learned a level 2 spell: Passwall
   842 | D:2      | Gained mutation: You are partially covered in sharp spines.
                  | [demonic ancestry]
   842 | D:2      | Reached XP level 3. HP: 24/24 MP: 2/6
  1067 | D:2      | Found a faded altar of an unknown god.
  1081 | D:2      | Prayed at the altar of an unknown god.
  1081 | D:2      | Became a worshipper of Dithmenos the Shadowed
  1081 | D:2      | Reached * piety under Dithmenos
  1139 | D:2      | Learned a level 3 spell: Vampiric Draining
  1474 | D:2      | Noticed Terence
  1487 | D:2      | Killed Terence
  1488 | D:2      | Gained mutation: You are mostly covered in sharp spines.
                  | [demonic ancestry]
  1488 | D:2      | Reached XP level 4. HP: 30/30 MP: 0/8
  1785 | D:2      | Identified a scroll of acquirement
  1785 | D:2      | Acquired a staff of death
  2129 | D:3      | Reached ** piety under Dithmenos
  2130 | D:3      | Gained mutation: You may rarely emit foul miasma when
                  | damaged in melee. [demonic ancestry]
  2130 | D:3      | Reached XP level 5. HP: 35/35 MP: 0/10
  2638 | D:4      | Found a bloodstained altar of Trog.
  2638 | D:4      | Found an iron altar of Okawaru.
  2639 | D:4      | Found an ancient bone altar of Kikubaaqudgha.
  2641 | D:4      | Found a large runed translucent door.
  2664 | D:4      | Found a large runed translucent door.
  2672 | D:4      | Noticed MrSixtyFour's ghost (amateur GnCA)
  2693 | D:4      | Gained mutation: You are robust. (+10% HP) [potion of
                  | mutation]
  2693 | D:4      | Gained mutation: You are clumsy. (Dex -2) [potion of
                  | mutation]
  2697 | D:4      | Killed MrSixtyFour's ghost
  2698 | D:4      | Reached skill level 1 in Armour
  2698 | D:4      | Reached skill level 6 in Necromancy
  3093 | D:4      | Noticed a black bear
  3106 | D:4      | Killed a black bear
  3107 | D:4      | Reached XP level 6. HP: 45/45 MP: 4/12
  3449 | D:5      | Entered Level 5 of the Dungeon
  3449 | D:5      | Noticed a steam dragon
  3449 | D:5      | Found a staircase to the Ecumenical Temple.
  3600 | D:5      | Reached skill level 5 in Spellcasting
  3600 | D:5      | Reached skill level 7 in Necromancy
  3600 | D:5      | Reached XP level 7. HP: 50/50 MP: 1/14
  4162 | D:5      | Killed a steam dragon
  4361 | D:5      | Reached skill level 8 in Necromancy
  4361 | D:5      | Gained mutation: You have sharp fingernails. [demonic
                  | ancestry]
  4361 | D:5      | Reached XP level 8. HP: 57/57 MP: 6/17
  4702 | Temple   | Entered the Ecumenical Temple
  4796 | D:6      | Found Hiastro's General Store.
  5223 | D:6      | Learned a level 5 spell: Agony
  5233 | D:6      | Found Neobowar's Assorted Antiques.
  5245 | D:6      | Found a burning altar of Makhleb.
  5440 | D:6      | Reached skill level 9 in Necromancy
  5821 | D:6      | Found Zeng's Distillery.
  6110 | D:6      | Found Rawnaiz's Armour Shoppe.
  6429 | D:7      | Gained mutation: You have an extremely huge brain. (Int +4)
                  | [demonic ancestry]
  6429 | D:7      | Reached XP level 9. HP: 62/62 MP: 9/20
  6748 | D:7      | Learned a level 4 spell: Dispel Undead
  6818 | D:7      | Reached *** piety under Dithmenos
  6872 | D:7      | Reached skill level 10 in Necromancy
  7502 | D:7      | Found a hazy altar of Hepliaklqana.
  8125 | D:8      | Found Zoddox's Firing Range.
  8543 | D:8      | Gained mutation: You have very sharp fingernails. [demonic
                  | ancestry]
  8543 | D:8      | Reached XP level 10. HP: 69/69 MP: 14/23
  8551 | D:8      | Reached skill level 5 in Armour
  8654 | D:8      | Identified the +2 leather armour of the Thistle {rF+ Str+3}
  8700 | D:8      | Found a sparkling altar of Nemelex Xobeh.
  8871 | D:8      | Found a sacrificial altar of Ru.
  8893 | D:8      | Found a runed translucent gate.
  8893 | D:8      | Found a runed translucent gate.
  8893 | D:8      | Found a runed translucent gate.
  8893 | D:8      | Noticed Mig's ghost (novice TeNe)
  8895 | D:8      | Noticed SaviorBlesser's ghost (novice FoFi)
  8899 | D:8      | Noticed whiskeysaurus's ghost (novice TrFi)
  8909 | D:8      | Killed whiskeysaurus's ghost
  8910 | D:8      | Reached skill level 11 in Necromancy
  8913 | D:8      | Killed Mig's ghost
  9048 | D:8      | Killed SaviorBlesser's ghost
  9216 | D:8      | Learned a level 2 spell: Sublimation of Blood
  9266 | D:8      | Found a snail-covered altar of Cheibriados.
  9293 | D:8      | Reached **** piety under Dithmenos
  9514 | D:9      | Reached skill level 10 in Spellcasting
  9655 | D:9      | Learned a level 4 spell: Animate Dead
  9871 | D:9      | Reached skill level 12 in Necromancy
 10117 | D:9      | Gained mutation: You are completely covered in sharp
                  | spines. [demonic ancestry]
 10117 | D:9      | Reached XP level 11. HP: 42/73 MP: 20/25
 10302 | D:9      | Noticed a catoblepas
 10372 | D:9      | Noticed a wizard
 10372 | D:9      | Identified the +0 ring mail "Puvale" {Dex+6}
 10405 | D:9      | Killed a wizard
 10519 | D:9      | Noticed a boulder beetle
 10529 | D:9      | Killed a boulder beetle
 10532 | D:9      | Noticed a centaur warrior
 10542 | D:9      | Shot with an arrow by a centaur warrior

Illustrated notes

Levels and vault maps discovered:
D:1:      saegor_arrival_simple_d, layout_rooms
D:2:      layout_basic, dreamdust_ecumenical_altar_grove, uniq_terence
D:3:      layout_basic, serial_glass, glass_columns_c, glass_columns_c
D:4:      layout_rooms, chequers_temple_overflow_statue_of_worship,
          ebering_ghost_disaster_area
D:5:      layout_rooms, minmay_temple_entry_butterflies,
          chequers_serial_rivers_small_a
D:6:      layout_loops_corners, nicolae_overflow_crystal_walls, serial_shops,
          shop, nicolae_square_shop, nicolae_stop_n_shop_2, shop,
          serial_bayou_lagoon_a, st_stairs_12
D:7:      layout_gridville, nicolae_hepliaklqana_monster_ancestors
D:8:      layout_basic, nicolae_ru_the_path_less_chosen,
          mainiacjoe_overflow_tiny_flanked, slow_altar_2, lemuel_doored_altar,
          serial_ice, serial_ice_n, serial_ice_m, serial_ice_f, serial_ice_a,
          gammafunk_ghost_cemetery, nicolae_shop_firing_range
D:9:      minmay_the_grid_net [minmay_the_grid_paths, minmay_the_grid_embedded,
          minmay_the_grid_all_tris, minmay_the_grid_minigrid_large,
          minmay_the_grid_minigrid_small,
          minmay_the_grid_prize_four_corners_diamond_a], layout_rooms,
          onia_ninara_dug_in_and_dangerous
Temple:   eino_wide_crystal_templ

Skill      XL: |  1  2  3  4  5  6  7  8  9 10 |
---------------+-------------------------------+-----
Necromancy     | 5 6 7 8 9 10 12 | 12.3
Spellcasting   | 3 4 5 6 7 9 10 | 10.8
Armour         | 1 2 4 6 |  6.5
Dodging        | 2 3 |  3.1
Stealth        | 2 |  2.1
Fighting       | |  0.3
Staves         | |  0.8
Invocations    | |  0.3

Action                   |  1- 3 |  4- 6 |  7- 9 | 10-12 || total
-------------------------+-------+-------+-------+-------++-------
Melee: Short sword       |     3 |       |       |       ||     3
       Staff             |     4 |    26 |    16 |    26 ||    72
       Rapier            |     3 |       |       |       ||     3
       Punch             |       |     1 |       |     1 ||     2
 Cast: Necrotise         |    53 |    65 |   122 |    10 ||   250
       Vampiric Draining |     1 |     6 |    69 |    53 ||   129
       Dispel Undead     |       |       |     7 |    18 ||    25
       Passwall          |       |       |     1 |       ||     1
       Animate Dead      |       |       |       |     4 ||     4
Invok: Shadow Step       |       |     1 |     1 |       ||     2
  Use: Scroll            |     2 |     8 |     4 |     3 ||    17
       Potion            |       |     3 |     1 |     3 ||     7
Armor: Ring mail         |     5 |    13 |    45 |     1 ||    64
       Leather armour    |       |       |       |    12 ||    12
Dodge: Dodged            |     3 |    29 |    54 |    65 ||   151
